AoeStats
← domiknocker

Arena

510512887Analyzed
4v4 RM · 15h ago on Oct 1, 2026· 51m 22s· 8 players
Game mode
Random Map
Map size
Large (8 player)
Population
200
Speed
Normal
Resources
Standard
Victory
Conquest
Starting age
Dark Age
Ending age
Imperial Age
RankedLock teamsTeams togetherTeam positionsShared explorationLock speedFull tech treeHidden civsTurbo modeCheats
Victory
Defeat
🇭🇰 Teutons · Hong Kong SAR China
1049
+12
🇦🇺 Bengalis · Australia
1040
+12
🇨🇳 Franks · China
1034
+13
🇨🇳 Chinese · China
999
+14
🇹🇷 Persians · Türkiye
975
-13
🇨🇳 Portuguese · China
973
-13
🇩🇪 Romans · Germany
953
-13
943
-12
BySkandal
11:50 Feudal Age
16:05 Castle Age
16:54 Fletching
17:37 Loom
18:56 Wheelbarrow
20:41 Ballistics
26:42 Double-Bit Axe
27:41 Bodkin Arrow
31:08 Padded Archer Armor
32:58 Kamandaran
34:09 Crossbowman
36:21 Bow Saw
37:39 Leather Archer Armor
37:42 Town Watch
39:41 Thumb Ring
41:40 Stone Mining
47:34 Imperial Age
46:28 Murder Holes
49:14 Conscription
50:01 Chemistry
Friedrich der Teufelsjäger
8:37 Loom
11:01 Feudal Age
13:29 Double-Bit Axe
16:14 Castle Age
14:48 Horse Collar
16:02 Fletching
20:27 Bow Saw
20:59 Wheelbarrow
21:08 Wheelbarrow
23:51 Fortified Wall
25:36 Elite Skirmisher
27:14 Ballistics
26:53 Bodkin Arrow
27:13 Heavy Plow
31:02 Thumb Ring
33:40 Scale Mail Armor
36:12 Imperial Age
33:58 Hand Cart
33:29 Town Watch
36:10 Gold Mining
37:36 Block Printing
38:04 Gold Shaft Mining
37:36 Pikeman
40:57 Forging
41:02 Chain Mail Armor
LudwigWittgenstein
0:30 Loom
10:50 Feudal Age
11:33 Double-Bit Axe
18:16 Castle Age
17:19 Gold Mining
17:25 Stone Mining
17:58 Scale Mail Armor
17:50 Man-at-Arms
19:13 Horse Collar
20:03 Bow Saw
24:10 Wheelbarrow
23:50 Heavy Plow
25:46 Hand Cart
27:09 Fortified Wall
31:45 Imperial Age
29:01 Town Watch
30:31 Masonry
31:22 Gold Shaft Mining
31:06 Chain Mail Armor
31:01 Forging
31:09 Forging
30:50 Fletching
30:41 Pikeman
31:22 Squires
31:06 Long Swordsman
32:40 Ballistas
33:57 Crop Rotation
34:06 Iron Casting
33:26 Bodkin Arrow
34:40 Legionary
37:26 Blast Furnace
36:22 Bodkin Arrow
38:35 Chemistry
37:46 Heavy Scorpion
38:53 Halberdier
39:22 Elite Skirmisher
43:24 Conscription
47:06 Crossbowman
yuan
11:59 Feudal Age
13:15 Double-Bit Axe
16:00 Castle Age
21:32 Imperial Age
21:43 Fortified Wall
24:09 Gold Mining
31:05 Chemistry
30:17 Masonry
30:05 Pikeman
30:58 Forging
30:50 Scale Mail Armor
30:48 Elite Organ Gun
31:33 Arquebus
31:44 Arson
32:25 Bow Saw
34:19 Onager
36:14 Two-Man Saw
35:18 Halberdier
36:37 Iron Casting
36:18 Chain Mail Armor
42:24 Conscription
44:24 Blast Furnace
43:54 Plate Mail Armor
43:49 Murder Holes
44:25 Architecture
47:28 Fletching
Teutons_CF
4:15 Loom
11:19 Feudal Age
12:32 Double-Bit Axe
12:41 Horse Collar
14:38 Man-at-Arms
18:42 Fletching
23:27 Castle Age
22:35 Scale Mail Armor
22:24 Town Watch
22:34 Stone Mining
23:56 Forging
23:47 Gold Mining
24:42 Pikeman
25:23 Squires
26:25 Bodkin Arrow
27:00 Arson
27:25 Heavy Plow
30:09 Wheelbarrow
30:25 Chain Mail Armor
32:06 Iron Casting
34:01 Hand Cart
34:05 Bow Saw
39:00 Imperial Age
40:35 Scale Barding Armor
41:01 Plate Mail Armor
41:33 Blast Furnace
40:19 Cavalier
41:09 Bloodlines
41:50 Chain Barding Armor
41:30 Halberdier
43:19 Crop Rotation
43:54 Guard Tower
46:37 Plate Barding Armor
47:15 Paladin
50:34 Two-Man Saw
51:40 Conscription
51:56 Hoardings
DDVICTORY
0:35 Loom
10:24 Feudal Age
11:57 Wheelbarrow
15:15 Castle Age
14:09 Double-Bit Axe
15:03 Horse Collar
17:51 Bow Saw
21:54 Heavy Plow
22:40 Stone Mining
24:03 Hand Cart
25:20 Stone Shaft Mining
26:39 Gold Mining
28:08 Gold Shaft Mining
31:05 Imperial Age
29:35 Ballistics
29:21 Padded Archer Armor
29:46 Fletching
30:41 Bodkin Arrow
31:02 Leather Archer Armor
31:06 Masonry
32:13 Conscription
32:58 Chemistry
32:48 Thumb Ring
34:46 Two-Man Saw
33:54 Caravan
34:01 Bracer
34:32 Ring Archer Armor
34:34 Rocketry
34:53 Forging
34:50 Scale Barding Armor
34:12 Cavalier
36:21 Iron Casting
35:18 Heavy Rocket Cart
37:12 Bloodlines
37:03 Husbandry
38:34 Elite Chu Ko Nu
43:36 Blast Furnace
42:57 Chain Barding Armor
47:40 Great Wall
改革春风吹满地
10:23 Feudal Age
14:30 Castle Age
13:15 Double-Bit Axe
16:45 Bow Saw
17:07 Loom
17:56 Town Watch
18:45 Scale Barding Armor
20:47 Wheelbarrow
31:32 Imperial Age
29:54 Gold Mining
30:16 Husbandry
32:50 Gold Shaft Mining
31:37 Cavalier
34:03 Hand Cart
34:14 Conscription
35:36 Chain Barding Armor
37:13 Chivalry
36:51 Paladin
37:51 Forging
40:48 Plate Barding Armor
40:49 Iron Casting
44:07 Siege Engineers
44:12 Masonry
46:18 Blast Furnace
46:28 Architecture
47:55 Chemistry
49:19 Ballistics
domiknocker
10:42 Feudal Age
10:42 Loom
11:50 Double-Bit Axe
13:56 Horse Collar
20:26 Castle Age
19:37 Scale Barding Armor
19:56 Forging
22:24 Husbandry
22:34 Bloodlines
26:37 Heavy Plow
26:46 Gold Mining
27:20 Bow Saw
29:30 Chain Barding Armor
32:54 Wheelbarrow
33:59 Hand Cart
37:04 Imperial Age
35:33 Iron Casting
36:28 Paiks
38:10 Coinage
39:47 Plate Barding Armor
40:13 Blast Furnace
40:18 Gold Shaft Mining
41:37 Conscription
40:58 Elite Battle Elephant
42:39 Town Watch
43:30 Crop Rotation
Connection lost

Rejoining the realm…

Still unreachable

The connection could not be restored.

Session expired

The server has moved on; the page needs a fresh start.